 Dungeon Crawl Stone Soup version 0.31-a0-152-g6aa68a64a1 (webtiles) character file.

Game seed: 4058651116047127070

932 senseless the Ducker (level 7, -4/91 HPs)
             Began as a Demigod Gladiator on June 9, 2023.
             Slain by Prince Ribbit (8 damage)
             ... on level 5 of the Dungeon.
             The game lasted 00:10:52 (3785 turns).

senseless the Ducker (Demigod Gladiator)            Turns: 3785, Time: 00:10:53

Health: -4/91      AC: 23    Str: 15    XL:     7   Next: 55%
Magic:  9/9        EV:  2    Int: 10    God:
Gold:   261        SH:  0    Dex: 23    Spells: 6/6 levels left

rFire   . . .        a - +0 long sword
rCold   + . .        (no shield)
rNeg    . . .        p - melded +2 robe {Will+}
rPois   +            c - melded +0 helmet
rElec   .            j - melded +0 cloak
rCorr   +            (gloves currently unavailable)
SInv    .            k - melded +0 pair of boots
Will    .....        f - amulet of regeneration
Stlth   ++           o - ring of protection from cold
HPRegen 1.15/turn    h - ring of resist corrosion
MPRegen 0.11/turn

%: no passive effects
@: tree-form
A: stationary, stasis, torment immunity, boosted hp, high MP 1, forlorn, divine
attributes
a: no special abilities


You were on level 5 of the Dungeon.
You were a tree.
You visited 1 branch of the dungeon, and saw 5 of its levels.

You collected 261 gold pieces.

Inventory:

Hand Weapons
 a - a +0 long sword (weapon)
Missiles
 d - 3 throwing nets (quivered)
 e - a javelin
Armour
 c - a +0 helmet (melded)
 j - a +0 cloak (melded)
 k - a +0 pair of boots (melded)
 n - a +0 leather armour of fire resistance
 p - a +2 robe of willpower (melded)
Jewellery
 f - an amulet of regeneration (around neck)
 h - a ring of resist corrosion (right branch)
 o - a ring of protection from cold (left branch)
Wands
 l - a wand of light (16)
 q - a wand of paralysis (6)
Scrolls
 g - a scroll of fear
 t - a scroll of teleportation
Potions
 b - a potion of curing
 m - 2 potions of might
 s - a potion of ambrosia


   Skills:
 + Level 5.0 Fighting
 + Level 5.4 Long Blades
 - Level 1.7 Throwing
 + Level 5.4 Dodging


You had 6 spell levels left.
You didn't know any spells.
Your spell library contained the following spells:

 Spells                   Type           Power      Damage    Failure   Level
 Sting                    Tmut/Pois      0%         1d3       36%         1
 Poisonous Vapours        Pois/Air       0%         N/A       50%         2
 Olgreb's Toxic Radiance  Pois           0%         N/A       98%         4


Dungeon Overview and Level Annotations

Branches:
Dungeon (5/15)             Temple (0/1) D:5

Annotations:
D:3 Sigmund
D:5 1 runed translucent door, Crazy Yiuf, Prince Ribbit


Innate Abilities, Weirdness & Mutations

You are a tree.
Your roots penetrate the ground, keeping you stationary.
You cannot be teleported.
You are immune to unholy pain and torment.
Your maximum health is greatly increased.
Your equipment is partially melded.
You have an increased reservoir of magic. (+10% MP)
You shall have no god before yourself.
Your divine heritage dramatically boosts your attributes as you level up.


Message History

* * * LOW HITPOINT WARNING * * *
Prince Ribbit hits you.
* * * LOW HITPOINT WARNING * * *
You miss Prince Ribbit.
Prince Ribbit is heavily wounded.
Prince Ribbit hits you but does no damage.
You miss Prince Ribbit.
Prince Ribbit is heavily wounded.
Prince Ribbit blinks!
Prince Ribbit hits you but does no damage.
You hit Prince Ribbit but do no damage.
Prince Ribbit is heavily wounded.
Prince Ribbit blinks!
Prince Ribbit hits you!
* * * LOW HITPOINT WARNING * * *
You slash Prince Ribbit!
Prince Ribbit is severely wounded.
Prince Ribbit hits you but does no damage.
You closely miss Prince Ribbit.
Prince Ribbit is severely wounded.
Prince Ribbit blinks!
Prince Ribbit hits you!
* * * LOW HITPOINT WARNING * * *
You closely miss Prince Ribbit.
Prince Ribbit is severely wounded.
Prince Ribbit hits you but does no damage.
You barely miss Prince Ribbit.
Prince Ribbit is severely wounded.
Prince Ribbit hits you but does no damage. x2
You hit Prince Ribbit.
Prince Ribbit is severely wounded.
Prince Ribbit hits you.
* * * LOW HITPOINT WARNING * * *
You barely miss Prince Ribbit.
Prince Ribbit is severely wounded.
Prince Ribbit hits you but does no damage. x2
You closely miss Prince Ribbit.
Prince Ribbit is severely wounded.
Prince Ribbit hits you!
You die...

#......>...#
#...:......#
#..........#
#..........#
#....PPP...# #...≈≈...#
##...≈≈...##
#....♣....?#
#.....F....#
#..........#
#..........#
#..........#
#.........########
##.#......##......#
.....#....###......#
..........###......#####


You could see Prince Ribbit.

Vanquished Creatures
  A sky beast (D:5)
  2 ogres (D:5)
  A phantom (D:5)
  A scorpion (D:4)
  A hound (D:5)
  3 orc priests
  An iron imp (D:3)
  Jessica (D:3)
  An iguana (D:5)
  A sleepcap (D:5)
  6 orc wizards
  5 adders
  3 white imps
  2 worms (D:3)
  2 dart slugs
  14 orcs
  5 ball pythons
  3 bats
  6 endoplasms
  3 giant cockroaches
  12 goblins
  4 hobgoblins
  6 kobolds
  4 quokkas
  A frilled lizard (D:1)
  6 rats
  A butterfly (D:5)
96 creatures vanquished.

Notes
Turn   | Place    | Note
-------+----------+-------------------------------------------
     0 | D:1      | senseless the Demigod Gladiator began the quest for the
                  | Orb.
     0 | D:1      | Reached XP level 1. HP: 17/17 MP: 3/3
   242 | D:1      | Reached XP level 2. HP: 24/24 MP: 4/4
  1005 | D:2      | Reached XP level 3. HP: 30/30 MP: 5/5
  1431 | D:3      | Reached XP level 4. HP: 32/37 MP: 6/6
  1697 | D:3      | Noticed Sigmund
  1859 | D:3      | Noticed Jessica
  1866 | D:3      | Killed Jessica
  2043 | D:3      | Reached XP level 5. HP: 15/45 MP: 7/7
  3289 | D:5      | Entered Level 5 of the Dungeon
  3295 | D:5      | Reached XP level 6. HP: 52/52 MP: 8/8
  3447 | D:5      | Found a runed translucent door.
  3448 | D:5      | Noticed Crazy Yiuf
  3477 | D:5      | Found a staircase to the Ecumenical Temple.
  3510 | D:5      | Reached XP level 7. HP: 24/60 MP: 9/9
  3574 | D:5      | Reached skill level 5 in Long Blades
  3574 | D:5      | Reached skill level 5 in Dodging
  3704 | D:5      | Reached skill level 5 in Fighting
  3755 | D:5      | Noticed Prince Ribbit
  3780 | D:5      | HP: 4/91 [Prince Ribbit (7)]
  3785 | D:5      | Slain by Prince Ribbit

Illustrated notes

Levels and vault maps discovered:
D:1:      wander_arrival_lonely_grave, layout_basic
D:2:      layout_basic, kennysheep_cluttered_room
D:3:      layout_basic, minitemple, slow_altar_1, mainiacjoe_overflow_alcove_4,
          grunt_decor_arrowhead, st_stairs_7, uniq_jessica, uniq_sigmund
D:4:      layout_cave_pods, grunt_decor_cap
D:5:      layout_rooms, mainiacjoe_overflow_paths,
          minmay_temple_entry_butterflies, serial_demonic, serial_demonic_g,
          serial_demonic_f, serial_demonic_b, serial_demonic_e,
          uniq_crazy_yiuf_cottage, uniq_prince_ribbit1

Skill      XL: |  1  2  3  4  5  6  7 |
---------------+----------------------+-----
Fighting       | 2 3 4 5 |  5.0
Dodging        | 3 4 5 |  5.4
Long Blades    | 3 4 5 |  5.4
Throwing       | |  1.7

Action                     |  1- 3 |  4- 6 |  7- 9 || total
---------------------------+-------+-------+-------++-------
  Melee: Long sword        |   101 |   196 |    73 ||   370
         Punch             |       |     2 |     3 ||     5
  Throw: Throwing net      |       |     1 |       ||     1
         Javelin           |       |     1 |       ||     1
    Use: Scroll            |       |    10 |       ||    10
         Potion            |       |       |     2 ||     2
   Stab: Sleeping          |     2 |       |       ||     2
 Armour: Leather armour    |    46 |    36 |       ||    82
         Robe              |       |    31 |    28 ||    59
         Skin              |       |       |    10 ||    10
  Dodge: Dodged            |    80 |   200 |    34 ||   314

Table legend: (Time is in decaauts)
 A = Elapsed time spent in this place.
 B = Non-inter-level travel time spent in this place.
 C = Inter-level travel time spent in this place.
 D = Time resting spent in this place.
 E = Time spent auto-exploring this place.
 F = Levels seen in this place.
 G = Mean time per level.
                   A        B        C        D        E       F      G
               +--------+--------+--------+--------+--------+-----+--------+
         Total |   3861 |   3717 |    144 |     38 |   2781 |   5 |  772.2 |
       Dungeon |   3861 |   3717 |    144 |     38 |   2781 |   5 |  772.2 |
               +--------+--------+--------+--------+--------+-----+--------+

Top non-repeatable levels by time:
     D:3: 1056 daAuts
     D:1: 919 daAuts
     D:4: 860 daAuts
     D:2: 557 daAuts
     D:5: 467 daAuts
